 Dungeon Crawl Stone Soup version 0.24.0-2-g5b39cebb1c (webtiles) character file.

Game seed: 14943793249758405970, levelgen mode: deterministic

7333 Descartes the Covert (level 10, -1/44 HPs)
             Began as a Spriggan Conjurer on Oct 30, 2019.
             Was an Initiate of Gozag.
             Slain by a komodo dragon (20 damage)
             ... on level 1 of the Lair of Beasts on Oct 31, 2019.
             The game lasted 00:55:57 (19626 turns).

Descartes the Covert (Spriggan Conjurer)           Turns: 19626, Time: 00:56:00

Health: -1/44      AC:  5    Str:  4    XL:     10   Next: 90%
Magic:  11/25      EV: 26    Int: 21    God:    Gozag
Gold:   724        SH:  0    Dex: 16    Spells: 10/29 levels left

rFire    + . .     SeeInvis +   W - +1 falchion (venom)
rCold    . . .     Gourm    .   (shield restricted)
rNeg     + . .     Faith    .   l - +0 robe
rPois    .         Spirit   .   (helmet restricted)
rElec    .         Reflect  .   q - +0 cloak
rCorr    .         Harm     .   (gloves unavailable)
MR       +....     Clarity  +   (boots unavailable)
Stlth    +++++.....             p - amulet of the acrobat
HPRegen  0.14/turn              r - ring of protection from fire
MPRegen  0.19/turn              o - ring of positive energy

@: very slightly contaminated, very quick
A: very small, unfitting armour, slimy green scales 1, see invisible, clarity,
herbivore, speed 3, slow metabolism 2, wild magic 1
a: Potion Petition, Call Merchant, Bribe Branch, Renounce Religion


You were on level 1 of the Lair of Beasts.
You worshipped Gozag.
Gozag was pleased with you.
You were not hungry.

You visited 3 branches of the dungeon, and saw 12 of its levels.
You also visited: Sewer.

You collected 851 gold pieces.
You paid 127 gold pieces to Gozag.

Inventory:

Hand Weapons
 a - a +0 hunting sling
 b - a +3 dagger of draining
 W - a +1 falchion of venom (weapon)
Missiles
 d - 327 stones (quivered)
 g - 160 arrows
 i - 68 poisoned darts
 s - 58 bolts
 u - 13 atropa-tipped darts
 x - 13 boomerangs
 F - a throwing net
 P - 51 sling bullets
Armour
 l - a +0 robe (worn)
 q - a +0 cloak (worn)
Magical Staves
 w - an uncursed staff of cold
 G - an uncursed staff of fire
Jewellery
 o - a ring of positive energy (right hand)
 p - an amulet of the acrobat (around neck)
 r - a ring of protection from fire (left hand)
 C - an uncursed ring of fire
Wands
 A - a wand of random effects (25)
 E - a wand of flame (12)
 H - a wand of acid (25)
 L - a wand of paralysis (9)
 N - a wand of polymorph (9)
 R - a wand of disintegration (12)
 V - a wand of enslavement (6)
Scrolls
 e - a scroll of noise {unknown}
 h - a scroll of random uselessness {unknown}
 k - a scroll of amnesia
 t - 5 scrolls of teleportation
 v - a scroll of fog
 y - a scroll of remove curse {unknown}
 z - a scroll of blinking {unknown}
 B - a scroll of immolation {unknown}
 M - 2 scrolls of identify
 Q - 2 scrolls of enchant armour {unknown}
 S - a scroll of magic mapping
 X - a scroll of holy word {unknown}
Potions
 f - 2 potions of berserk rage
 m - a potion of flight
 n - 3 potions of heal wounds
 D - a potion of mutation
 I - 3 potions of might
 J - a potion of agility {unknown}
 K - a potion of cancellation {unknown}
 O - 2 potions of brilliance
 T - a potion of ambrosia {unknown}
Miscellaneous
 U - a box of beasts
Comestibles
 c - 13 rations


   Skills:
 + Level 10.2 Dodging
 + Level 10.3 Stealth
 + Level 10.1 Spellcasting
 + Level 7.1 Conjurations
 + Level 7.0 Hexes
 + Level 1.0 Fire Magic
 + Level 5.5 Evocations


You had 10 spell levels left.
You knew the following spells:

 Your Spells              Type           Power        Failure   Level  Hunger
a - Throw Flame           Conj/Fire      #####.       3%          2    None
b - Searing Ray           Conj           ######       1%          2    None
c - Dazzling Spray        Conj/Hex       ######       2%          3    None
d - Iskenderun's Mystic   Conj           ######..     5%          4    ##.....
e - Fulminant Prism       Conj/Hex       ######....   6%          4    ##.....
f - Magic Dart            Conj           ####         1%          1    None
g - Inner Flame           Hex/Fire       #####...     6%          3    None

Your spell library contained the following spells:

 Spells                   Type           Power        Failure   Level  Hunger
 Flame Tongue             Conj/Fire      #####        2%          1    None
 Conjure Flame            Conj/Fire      #####...     6%          3    None
 Sticky Flame             Conj/Fire      #####...     17%         4    ##.....
 Force Lance              Conj/Tloc      ####....     21%         4    ##.....
 Fireball                 Conj/Fire      #####.....   41%         5    ####...


Dungeon Overview and Level Annotations

Branches:
Dungeon (10/15)            Temple (1/1) D:5            Lair (1/6) D:8
    Orc (0/2) D:10          Sewer (visited)

Altars:
Ashenzari
Cheibriados
Dithmenos
Elyvilon
Fedhas
Gozag
Hepliaklqana
Kikubaaqudgha
Makhleb
Nemelex Xobeh
Okawaru
Qazlal
Ru
Sif Muna
Trog
Uskayaw
Vehumet
Wu Jian
Xom
Yredelemnul
Zin
The Shining One

Shops:
D:9 :

Annotations:
D:4 Pikel


Innate Abilities, Weirdness & Mutations

You are very small and have problems with some larger weapons.
You are too small for most types of armour.
You have supernaturally acute eyesight. (SInv)
You are a herbivore.
You cover ground extremely quickly.
You need to consume almost no food.
You are partially covered in slimy green scales. (AC +2)
You possess an exceptional clarity of mind.
Your spells are a little harder to cast, but a little more powerful.


Message History

The spray of energy hits the komodo dragon!
The komodo dragon is heavily wounded.
Casting: Dazzling Spray (safe; 2% risk of failure)
Confirm with . or Enter, or press ? or * to list all spells.
Aiming: Throw Flame (safe; 3% risk of failure)
Press: ? - help, Shift-Dir - straight line, f/p - komodo dragon
Aim: a komodo dragon (heavily wounded)
The puff of flame hits the komodo dragon!
The komodo dragon is almost dead.
You hit the komodo dragon.
The komodo dragon is almost dead.
The komodo dragon barely misses you.
You hit the komodo dragon but do no damage.
The komodo dragon is poisoned.
The komodo dragon is almost dead.
The komodo dragon bites you!!
Ouch! That really hurt!
The komodo dragon bites you!!
You die...
Your body crumbles into a pile of gold.

.#.#.##P##.############
.......................
###.#.###..#..#.#P##....
........#...########<...
........#..#......##....
?.......#..#......##....
........#.........P#....
...........##...........
......l@#..##......#....
#.###+.#...###.#.###....
....[..# #####.....
........... ......
...............
...............
............... .......
.......


You could see a komodo dragon.

Vanquished Creatures
  A two-headed ogre (D:8)
  Maurice (D:8)
  Joseph (D:7)
  A spiny frog (Lair:1)
  A troll (D:7)
  A spriggan (D:9)
  Eustachio (D:6)
  The ghost of JackS81 the Conjurer, an amateur NaCj (D:3)
  A hungry ghost (D:7)
  A water moccasin (D:8)
  3 porcupines
  3 orc warriors
  An ice beast (D:7)
  4 slaves (D:4)
  A sky beast (D:5)
  3 black bears
  5 phantoms
  4 centaurs
  2 ogres
  A crocodile (D:8)
  9 bullfrogs
  3 scorpions
  2 howler monkeys
  5 crimson imps
  A quasit (D:5)
  4 jellies
  3 bullfrog skeletons
  2 hounds
  9 orc priests
  A centaur zombie (D:8)
  8 orc wizards
  An iguana (D:8)
  15 worker ants
  A killer bee zombie (D:6)
  A hound skeleton (D:6)
  Robin (D:4)
  12 gnolls
  14 adders
  6 shadow imps
  4 worker ant simulacra (D:3)
  12 oozes
  An adder skeleton (D:5)
  An adder zombie (D:9)
  3 worms
  A dart slug (D:2)
  An adder simulacrum (D:3)
  17 leopard geckos
  46 orcs
  12 bats
  11 giant cockroaches
  9 hobgoblins
  5 jackals
  6 quokkas
  16 ball pythons
  9 frilled lizards
  15 goblins
  5 kobolds
  3 leopard gecko skeletons
  8 rats
320 creatures vanquished.

Vanquished Creatures (others)
  4 fungi (D:8)
4 creatures vanquished.

Grand Total: 324 creatures vanquished

Notes
Turn   | Place    | Note
-------+----------+-------------------------------------------
     0 | D:1      | Descartes the Spriggan Conjurer began the quest for the
                  | Orb.
     0 | D:1      | Reached XP level 1. HP: 9/9 MP: 5/5
   294 | D:1      | Reached XP level 2. HP: 13/13 MP: 0/6
   298 | D:1      | Learned a level 2 spell: Searing Ray
  1152 | D:2      | Reached XP level 3. HP: 16/16 MP: 6/8
  1403 | D:2      | Found a shattered altar of Ashenzari.
  1573 | D:2      | Learned a level 3 spell: Dazzling Spray
  1595 | D:2      | Found an ancient bone altar of Kikubaaqudgha.
  1596 | D:2      | Found a shimmering altar of Xom.
  2726 | D:2      | Reached XP level 4. HP: 21/21 MP: 5/10
  2908 | D:3      | Found a transporter.
  2915 | D:3      | Noticed a kobold demonologist
  3099 | D:3      | Reached XP level 5. HP: 19/24 MP: 7/11
  3315 | D:3      | Found a runed translucent gate.
  3315 | D:3      | Found a runed translucent gate.
  3315 | D:3      | Found a runed translucent gate.
  3795 | D:3      | Found a transporter.
  4024 | D:3      | Noticed JackS81's ghost (amateur NaCj)
  4599 | D:3      | Reached skill level 5 in Stealth
  5064 | D:4      | Found a blossoming altar of Fedhas.
  5067 | D:4      | Reached skill level 5 in Dodging
  5297 | D:4      | Noticed a phantom
  5337 | D:4      | Killed a phantom
  5337 | D:4      | Reached XP level 6. HP: 18/28 MP: 0/13
  5970 | D:4      | Noticed Robin
  5994 | D:4      | Killed Robin
  6062 | D:3      | Reached skill level 5 in Spellcasting
  6167 | D:4      | Reached XP level 7. HP: 30/32 MP: 2/15
  6615 | D:4      | Gained mutation: You possess an exceptional clarity of
                  | mind. [potion of mutation]
  6615 | D:4      | Gained mutation: You are partially covered in slimy green
                  | scales. (AC +2) [potion of mutation]
  6615 | D:4      | Gained mutation: Your spells are a little harder to cast,
                  | but a little more powerful. [potion of mutation]
  7163 | D:5      | Entered Level 5 of the Dungeon
  7163 | D:5      | Noticed Pikel
  7517 | D:3      | Killed JackS81's ghost
  7517 | D:3      | Reached skill level 5 in Conjurations
  8315 | D:5      | Reached XP level 8. HP: 36/36 MP: 14/19
  8640 | D:5      | Found a bloodstained altar of Trog.
  8717 | D:5      | Learned a level 4 spell: Iskenderun's Mystic Blast
  8722 | D:5      | Learned a level 4 spell: Fulminant Prism
  8726 | D:5      | Found a staircase to the Ecumenical Temple.
  8736 | Temple   | Entered the Ecumenical Temple
  9126 | D:5      | Reached skill level 1 in Hexes
  9126 | D:5      | Reached skill level 1 in Evocations
 10158 | D:6      | Found a glowing drain.
 10195 | Sewer    | Entered a sewer
 11478 | D:6      | Noticed Eustachio
 11799 | D:6      | Reached XP level 9. HP: 39/39 MP: 18/22
 12225 | D:6      | Found a basalt altar of Yredelemnul.
 12877 | D:6      | Killed Eustachio
 13470 | D:3      | Noticed a hellwing
 13759 | D:7      | Found a hazy altar of Hepliaklqana.
 14386 | D:7      | Reached skill level 5 in Evocations
 14509 | D:7      | Noticed a troll
 14549 | D:7      | Killed a troll
 15121 | D:7      | Reached skill level 5 in Hexes
 15181 | D:7      | Found an opulent altar of Gozag.
 15187 | D:7      | Became a worshipper of Gozag Ym Sagoz the Greedy
 15422 | D:8      | Noticed a two-headed ogre
 15450 | D:8      | Killed a two-headed ogre
 15450 | D:8      | Reached XP level 10. HP: 44/44 MP: 5/24
 15573 | D:8      | Found a staircase to the Lair.
 15835 | D:8      | Noticed Joseph
 16448 | D:7      | Killed Joseph
 16750 | D:8      | Reached skill level 10 in Stealth
 17124 | D:8      | Found a snail-covered altar of Cheibriados.
 17130 | D:8      | Noticed Maurice
 17209 | D:8      | Found a shimmering blue altar of Sif Muna.
 17412 | D:8      | Killed Maurice
 18112 | D:9      | Reached skill level 10 in Dodging
 18300 | D:9      | Reached skill level 10 in Spellcasting
 18443 | D:9      | Found Zirosch's Book Emporium.
 18459 | D:9      | Learned a level 2 spell: Throw Flame
 18463 | D:9      | Learned a level 3 spell: Inner Flame
 18978 | D:10     | Entered Level 10 of the Dungeon
 18978 | D:10     | Found a staircase to the Orcish Mines.
 19297 | Lair:1   | Entered Level 1 of the Lair of Beasts
 19363 | Lair:1   | Noticed a spiny frog
 19371 | Lair:1   | Killed a spiny frog
 19371 | Lair:1   | Reached skill level 1 in Fire Magic
 19572 | Lair:1   | Noticed a four-headed hydra
 19626 | Lair:1   | Slain by a komodo dragon

Levels and vault maps discovered:
D:1:      elethiomel_arrival_maze, layout_basic
D:2:      minmay_inner_zag, layout_loops_ring, evilmike_ruin_ashenzari,
          gammafunk_temple_overflow_statue, minmay_misc_feat_hallway
D:3:      gammafunk_wand_slinger, layout_basic, gammafunk_ghost_icy,
          chequers_big_river
D:4:      layout_rooms, lemuel_crystal_altar, uniq_robin
D:5:      layout_basic, minmay_temple_entry_trees, first_ration, bloody_trog,
          uniq_pikel
D:6:      layout_loops_ring, lemuel_doored_altar, gup_sewer_entry_glass,
          uniq_eustachio
D:7:      layout_basic, marbit_many_paths, kennysheep_mini
D:8:      layout_rooms, nicolae_overflow_crystal_walls, led_sif_book,
          due_lair_maze_entry_diamond, serial_corexii_hall,
          corexii_hall_statues_x, corexii_hall_statues_x, uniq_maurice,
          uniq_joseph
D:9:      layout_roguey, serial_shops, shop, the_bakery,
          kennysheep_generic_room_14
D:10:     layout_gridville, david_orc_3, hellmonk_ghost_happy_afterlife,
          minmay_guarded_unrand_finisher
Temple:   nicolae_temple_figure_eight
Lair:1:   layout_regular_city, nicolae_quartered_pool_medium, grunt_megastairs_5

Skill      XL: |  1  2  3  4  5  6  7  8  9 10 |
---------------+-------------------------------+-----
Conjurations   | 3 4 5 6 7 |  7.1
Spellcasting   | 3 4 5 6 8 9 10 | 10.1
Stealth        | 4 5 6 7 9 10 | 10.3
Dodging        | 4 5 6 7 9 10 | 10.2
Hexes          | 3 5 7 |  7.0
Evocations     | 3 5 |  5.5
Fire Magic     | 1 |  1.0

Action                   |  1- 3 |  4- 6 |  7- 9 | 10-12 || total
-------------------------+-------+-------+-------+-------++-------
Melee: Unarmed           |     1 |       |       |       ||     1
       Dagger            |     9 |    49 |   242 |    35 ||   335
       Falchion          |       |       |       |     3 ||     3
 Fire: Hunting sling     |    17 |       |       |       ||    17
 Cast: Magic Dart        |   126 |   194 |   617 |   118 ||  1055
       Searing Ray       |       |       |    13 |    18 ||    31
       Dazzling Spray    |       |       |     4 |    29 ||    33
       Throw Flame       |       |       |       |    30 ||    30
  Use: Potion            |       |     2 |     2 |     1 ||     5
       Scroll            |       |       |     8 |     2 ||    10
 Stab: Invisible         |       |       |       |     1 ||     1
  Eat: Ration            |       |     1 |     5 |     2 ||     8
Armor: Robe              |     1 |     3 |    76 |     8 ||    88
Dodge: Dodged            |    20 |    55 |   537 |   115 ||   727
       Rpst.: Falchion   |       |       |       |     1 ||     1
